 Dungeon Crawl Stone Soup version 0.27-a0-1139-g28e009f8a6 (webtiles) character file.

Game seed: 5709181584576344178

1455 smalleywall the Skirmisher (level 8, 0/74 HPs)
             Began as a Demigod Conjurer on May 7, 2021.
             Slain by a wyvern zombie (9 damage)
             ... on level 6 of the Dungeon on May 8, 2021.
             The game lasted 00:15:47 (7034 turns).

smalleywall the Skirmisher (Demigod Conjurer)       Turns: 7034, Time: 00:15:48

Health: 0/74       AC:  2    Str: 16    XL:     8   Next: 23%
Magic:  9/14       EV: 12    Int: 20    God:
Gold:   278        SH:  5    Dex: 12    Spells: 4/11 levels left

rFire    + . .     SeeInvis .   g - +1 dagger (protect)
rCold    + . .     Faith    .   f - +0 buckler
rNeg     . . .     Spirit   .   a - +0 robe
rPois    .         Reflect  .   (no helmet)
rElec    .         Harm     .   p - scarf {rC+ rF+}
rCorr    .         Rampage  .   (no gloves)
Will     .....                  (no boots)
Stlth    ++........             t - amulet of magic regeneration
HPRegen  0.22/turn              (no ring)
MPRegen  0.39/turn              (no ring)

@: no status effects
A: high mp 1, forlorn
a: no special abilities


You were on level 6 of the Dungeon.
You visited 1 branch of the dungeon, and saw 6 of its levels.
You also visited: Sewer.

You collected 278 gold pieces.

Inventory:

Hand Weapons
 g - a +1 dagger of protection (weapon)
Missiles
 h - 17 poisoned darts
 m - a curare-tipped dart
 q - 9 javelins
 s - 4 boomerangs of dispersal
Armour
 a - a +0 robe (worn)
 f - a +0 buckler (worn)
 p - a scarf of resistance (worn)
Jewellery
 t - an amulet of magic regeneration (around neck)
 u - a ring of fire
Wands
 o - a wand of paralysis (12)
Scrolls
 b - a scroll of brand weapon
 c - a scroll of magic mapping {unknown}
 n - 2 scrolls of teleportation
 v - a scroll of enchant armour
 w - a scroll of vulnerability
 x - a scroll of identify
 y - a scroll of silence {unknown}
Potions
 d - 4 potions of heal wounds
 e - a potion of lignification
 i - 3 potions of might {unknown}
 j - 3 potions of curing {unknown}
 l - a potion of flight {unknown}
 r - a potion of mutation {unknown}
 z - a potion of degeneration {unknown}


   Skills:
 + Level 7.9 Fighting
 - Level 2.0 Dodging
 - Level 1.7 Stealth
 - Level 4.0 Shields
 - Level 2.0 Spellcasting
 + Level 4.8 Conjurations


You had 4 spell levels left.
You knew the following spells:

 Your Spells              Type           Power      Damage    Failure   Level
a - Magic Dart            Conj           84%        1d7       2%          1
b - Searing Ray           Conj           42%        3d4       3%          2
c - Iskenderun's Mystic   Conj/Tloc      11%        2d4       50%         4

Your spell library contained the following spells:

 Spells                   Type           Power      Damage    Failure   Level
 Beastly Appendage        Tmut           4%         N/A       16%         1
 Dazzling Flash           Conj/Hex       22%        N/A       17%         3
 Wereblood                Tmut           2%         N/A       24%         2
 Spider Form              Tmut/Pois      1%         N/A       43%         3
 Fulminant Prism          Conj/Hex       5%         3d7       50%         4
 Ice Form                 Ice/Tmut       2%         N/A       83%         4
 Hydra Form               Tmut           1%         N/A       99%         5


Dungeon Overview and Level Annotations

Branches:
Dungeon (6/15)              Sewer (visited)
 Temple: D:4-7

Annotations:
D:5 Sigmund


Innate Abilities, Weirdness & Mutations

Your attributes grow dramatically as you level up.
You have an increased reservoir of magic. (+10% MP)
You shall have no god before yourself.


Message History

The magic dart hits you.
There is a stone staircase leading down here.
A magic dart appears from out of thin air!
The magic dart hits you!
You climb downwards.
Reactivating autopickup.
You block the wyvern zombie's attack. x2
There is a stone staircase leading up here.
Casting: Searing Ray (safe; 3% risk of failure)
Confirm with . or Enter, or press ? or * to list all spells.
Aiming: Searing Ray (safe; 3% risk of failure)
Press: ? - help, Shift-Dir - straight line, f - wyvern zombie
Aim: a wyvern zombie (92% to hit)
The searing ray hits the wyvern zombie.
The wyvern zombie is lightly damaged. (Press . to maintain the ray.)
You block the wyvern zombie's attack.
The searing ray hits the wyvern zombie!
The wyvern zombie is moderately damaged.
The wyvern zombie bites you. You block the wyvern zombie's attack.
The searing ray hits the wyvern zombie!
The wyvern zombie is heavily damaged.
The wyvern zombie bites you!
The searing ray hits the wyvern zombie.
The wyvern zombie is heavily damaged.
You finish channeling your searing ray.
The wyvern zombie bites you!
* * * LOW HITPOINT WARNING * * *
The wyvern zombie bites you!
* * * LOW HITPOINT WARNING * * *
Unknown command.
Casting: Searing Ray (safe; 3% risk of failure)
Confirm with . or Enter, or press ? or * to list all spells.
Aiming: Searing Ray (safe; 3% risk of failure)
Press: ? - help, Shift-Dir - straight line, f/p - wyvern zombie
Aim: a wyvern zombie (heavily damaged, 92% to hit)
The searing ray hits the wyvern zombie.
The wyvern zombie is severely damaged. (Press . to maintain the ray.)
The wyvern zombie bites you!
You die...

# ##. ##### ..
[...# ......
.#..### # :....
#.#..###..#
#..@......#
>......Z.###...
.........#
#.#.###.## # #
#.# ... #.. #..


You could see a wyvern zombie.

Vanquished Creatures
  Grinder (D:5)
  2 sky beasts (D:5)
  A necrophage (D:4)
  2 phantoms
  3 kobold brigands (Sewer)
  A bullfrog (D:5)
  A gnoll sergeant (D:5)
  A water moccasin zombie (D:5)
  A bullfrog zombie (D:5)
  An orc priest (D:4)
  3 hounds
  An iguana (D:4)
  An orc wizard (D:4)
  2 hound skeletons
  A river rat (Sewer)
  7 adders
  7 gnolls (D:5)
  5 worms
  8 orcs (D:4)
  4 endoplasms
  5 giant cockroaches
  6 goblins
  4 hobgoblins
  8 jackals
  5 quokkas
  5 ball pythons
  5 bats
  A frilled lizard (D:3)
  10 kobolds
  3 rats
105 creatures vanquished.

Notes
Turn   | Place    | Note
-------+----------+-------------------------------------------
     0 | D:1      | smalleywall the Demigod Conjurer began the quest for the
                  | Orb.
     0 | D:1      | Reached XP level 1. HP: 14/14 MP: 5/5
   413 | D:1      | Reached XP level 2. HP: 20/20 MP: 5/7
   695 | D:1      | Learned a level 2 spell: Searing Ray
  2027 | D:3      | Found a glowing drain.
  2132 | D:3      | Reached XP level 3. HP: 22/27 MP: 3/8
  2134 | D:3      | Reached skill level 1 in Fighting
  2135 | D:3      | Reached skill level 1 in Shields
  2142 | Sewer    | Entered a sewer
  2450 | Sewer    | Noticed a kobold brigand
  2455 | Sewer    | Killed a kobold brigand
  2456 | Sewer    | Reached skill level 2 in Fighting
  2456 | Sewer    | Reached XP level 4. HP: 27/36 MP: 1/9
  3016 | Sewer    | Reached XP level 5. HP: 42/42 MP: 3/10
  3108 | Sewer    | Reached skill level 3 in Fighting
  3925 | D:3      | Reached XP level 6. HP: 51/51 MP: 8/11
  4441 | D:4      | Reached skill level 4 in Fighting
  4963 | D:4      | Reached skill level 5 in Fighting
  4963 | D:4      | Reached XP level 7. HP: 12/61 MP: 0/13
  5483 | D:4      | Learned a level 4 spell: Iskenderun's Mystic Blast
  5666 | D:5      | Entered Level 5 of the Dungeon
  5690 | D:5      | Reached skill level 6 in Fighting
  5873 | D:5      | Noticed Grinder
  5876 | D:5      | Paralysed by Grinder for 5 turns
  5884 | D:5      | Killed Grinder
  6096 | D:5      | Reached skill level 7 in Fighting
  6173 | D:5      | Reached XP level 8. HP: 53/73 MP: 2/14
  6300 | D:5      | Noticed Sigmund
  7034 | D:6      | Slain by a wyvern zombie

Illustrated notes

Levels and vault maps discovered:
D:1:      sevenhm_arrival_forest_fort_small_4, layout_basic
D:2:      layout_basic, shapermc_ecumenical_altar_totnotflames, basic_altar
D:3:      layout_basic, gup_sewer_entry_glass
D:4:      layout_rooms, enter_ossuary_5
D:5:      layout_cave_pools, lemuel_tele_altar, uniq_sigmund, uniq_grinder
D:6:      layout_loops_ring, grunt_temple_overflow_diamond

Skill      XL: |  1  2  3  4  5  6  7 |
---------------+----------------------+-----
Conjurations   | 4 |  4.8
Dodging        | 2 |  2.0
Spellcasting   | 2 |  2.0
Fighting       | 2 3 5 7 |  7.9
Shields        | 2 3 4 |  4.0
Stealth        | |  1.7

Action                   |  1- 3 |  4- 6 |  7- 9 || total
-------------------------+-------+-------+-------++-------
Melee: Unarmed           |    13 |       |       ||    13
       Dagger            |       |    38 |    31 ||    69
 Cast: Magic Dart        |    58 |    72 |    29 ||   159
       Searing Ray       |    14 |    29 |    33 ||    76
  Use: Scroll            |       |     3 |     6 ||     9
Armor: Robe              |     8 |    12 |    11 ||    31
Dodge: Dodged            |    24 |    27 |    33 ||    84
Block: Buckler           |     3 |    14 |    17 ||    34

Table legend: (Time is in decaauts)
 A = Elapsed time spent in this place.
 B = Non-inter-level travel time spent in this place.
 C = Inter-level travel time spent in this place.
 D = Time resting spent in this place.
 E = Time spent auto-exploring this place.
 F = Levels seen in this place.
 G = Mean time per level.
                   A        B        C        D        E       F      G
               +--------+--------+--------+--------+--------+-----+--------+
         Total |   7125 |   6993 |    132 |    429 |   5531 |   7 | 1017.9 |
       Dungeon |   5820 |   5688 |    132 |    429 |   4377 |   6 |  970.0 |
         Sewer |   1304 |   1304 |      0 |      0 |   1154 |   1 | 1304.0 |
               +--------+--------+--------+--------+--------+-----+--------+

Top non-repeatable levels by time:
     D:3: 1424 daAuts
     D:5: 1337 daAuts
   Sewer: 1304 daAuts
     D:4: 1209 daAuts
     D:2: 993 daAuts
     D:1: 848 daAuts
     D:6: 8 daAuts
